 Dungeon Crawl Stone Soup version 0.23-a0-582-g1b4a0ca2fb (webtiles) character file.

326 Maize the Chopper (level 6, 0/84 HPs)
             Began as a Minotaur Fighter on Dec 16, 2018.
             Killed from afar by Sigmund (4 damage)
             ... with a magic dart
             ... on level 4 of the Dungeon.
             The game lasted 00:06:17 (1996 turns).

Maize the Chopper (Minotaur Fighter)                Turns: 1996, Time: 00:06:18

Health: 0/84       AC: 25    Str: 22    XL:     6   Next: 24%
Magic:  5/5        EV:  2    Int:  5    God:
Gold:   181        SH:  0    Dex: 10    Spells: 5/5 levels left

rFire    . . .     SeeInvis .   a - +0 war axe
rCold    . . .     Gourm    .   (no shield)
rNeg     + + +     Faith    .   (armour currently unavailable)
rPois    +         Spirit   .   (helmet currently unavailable)
rElec    .         Reflect  .   (cloak currently unavailable)
rCorr    .         Harm     .   (gloves currently unavailable)
MR       .....     NoTele   +   (boots currently unavailable)
Stlth    +.........             (no amulet)
HPRegen  0.24/turn              n - +2 ring of protection
MPRegen  0.09/turn              (no ring)

@: tree-form
A: (retaliatory headbutt)
a: no special abilities


You were on level 4 of the Dungeon.
You were not hungry.
You were a tree.
You visited 1 branch of the dungeon, and saw 4 of its levels.

You collected 181 gold pieces.

Inventory:

Hand Weapons
 a - a +0 war axe (weapon)
Armour
 b - a +0 scale mail (melded)
 r - a +0 pair of boots (melded)
Jewellery
 n - a +2 ring of protection (left branch)
 s - an uncursed ring of flight {unknown}
Wands
 c - a wand of flame (16)
Scrolls
 i - 2 scrolls of noise {unknown}
 j - 6 scrolls of identify {unknown}
 k - a scroll of enchant armour {unknown}
 m - a scroll of magic mapping {unknown}
 o - 2 scrolls of fear {unknown}
 q - a scroll of enchant weapon {unknown}
Potions
 d - 2 potions of might
 g - a potion of berserk rage {unknown}
 h - a potion of resistance {unknown}
Comestibles
 f - 4 rations
 p - 4 chunks of flesh


   Skills:
 + Level 5.2 Fighting
 * Level 5.8 Axes
 + Level 5.2 Armour
   Level 3.9 Shields


You had 5 spell levels left.
You didn't know any spells.
Your spell library was empty.

Dungeon Overview and Level Annotations

Branches:
Dungeon (4/15)
 Temple: D:4-7

Altars:
Ru
Yredelemnul

Annotations:
D:4 Sigmund


Innate Abilities, Weirdness & Mutations

((You reflexively headbutt those who attack you in melee.))
((You have a pair of horns on your head.))


Message History

Something hits you but does no damage. Sigmund barely misses you.
You feel less confused. Something hits you but does no damage.
Something hits you but does no damage. Sigmund hits you but does no damage.
An orc wizard appears from thin air!
Reactivating autopickup.
The orc wizard hits you with a +0 dagger.
* * * LOW HITPOINT WARNING * * *
Sigmund hits you but does no damage.
You hit the orc wizard.
You kill the orc wizard!
You hear the slow rusting of a very distant drain.
You cannot move.
You cannot move.
Sigmund points at you and mumbles some strange words.
The puff of flame hits you!
* * * LOW HITPOINT WARNING * * *
Sigmund casts a spell at you. The magic dart hits you!
You die...

#.#<#...###
#......)...
#.......###
###..#.##
###..#.##
#.#####.^.....#
#......@<))...#
######.).....#
#♣.!....#
#..%....#
#.......#
........#
#.##.###.# #.
.# .# #. .# #.
.#


You could see Sigmund.

Vanquished Creatures
  An ogre (D:3)
  An orc priest (D:4)
  2 orc wizards
  A gnoll (D:1)
  6 adders
  4 worms
  A dart slug (D:2)
  3 leopard geckos (D:1)
  4 orcs
  7 giant cockroaches
  10 hobgoblins
  2 jackals (D:3)
  2 quokkas (D:2)
  A ball python (D:2)
  11 bats
  6 frilled lizards
  7 goblins
  7 kobolds
  8 rats
84 creatures vanquished.

Notes
Turn   | Place    | Note
-------+----------+-------------------------------------------
     0 | D:1      | Maize the Minotaur Fighter began the quest for the Orb.
     0 | D:1      | Reached XP level 1. HP: 19/19 MP: 0/0
    61 | D:1      | Reached XP level 2. HP: 16/27 MP: 1/1
   531 | D:1      | Reached XP level 3. HP: 33/33 MP: 2/2
  1064 | D:2      | Reached XP level 4. HP: 40/40 MP: 3/3
  1340 | D:3      | Found a sacrificial altar of Ru.
  1356 | D:3      | Reached XP level 5. HP: 47/47 MP: 4/4
  1691 | D:3      | Found a basalt altar of Yredelemnul.
  1819 | D:3      | Noticed an ogre
  1826 | D:3      | Killed an ogre
  1826 | D:3      | Reached skill level 5 in Fighting
  1826 | D:3      | Reached skill level 5 in Axes
  1826 | D:3      | Reached skill level 5 in Armour
  1899 | D:3      | Reached XP level 6. HP: 47/56 MP: 5/5
  1954 | D:4      | Noticed Sigmund
  1995 | D:4      | HP: 3/84 [Sigmund/puff of flame (10)]
  1996 | D:4      | Killed from afar by Sigmund

Vault maps used:
D:1:      scummos_arrival_star
D:2:      grunt_ministairs_10, minmay_diced_spiral
D:3:      lemuel_doored_altar, minivault_11, nicolae_ru_great_annihilating_truth
D:4:      lightli_sewer_entry_pipes, minmay_ruptured, uniq_grinder,
          uniq_sigmund, uniq_crazy_yiuf_cottage

Skill      XL: |  1  2  3  4  5 |
---------------+----------------+-----
Axes           | 3 4 5 |  5.8
Fighting       | 4 5 |  5.2
Armour         | 4 5 |  5.2
Shields        | |  3.9

Action                   |  1- 3 |  4- 6 || total
-------------------------+-------+-------++-------
Melee: War axe           |    60 |   125 ||   185
       Headbutt          |     6 |    11 ||    17
  Use: Potion            |       |     2 ||     2
 Stab: Paralysed         |       |     1 ||     1
  Eat: Chunk             |     1 |     3 ||     4
Armor: Scale mail        |    39 |    84 ||   123
       Skin              |       |     3 ||     3
Dodge: Dodged            |    44 |    58 ||   102

Table legend:
 A = Non-vault XP
 B = Vault XP
 C = Vault XP percentage of total XP
 D = Non-vault monster count
 E = Vault monster count
 F = Vault count percentage of total count
                 A         B        C        D         E       F
            +---------+---------+-------+---------+---------+-------
      Total |     405 |      62 |  13.3 |      74 |      10 |  11.9
            +---------+---------+-------+---------+---------+-------
        D:1 |      41 |       0 |   0.0 |      16 |       0 |   0.0
        D:2 |      68 |      23 |  25.3 |      24 |       6 |  20.0
        D:3 |     210 |      39 |  15.7 |      29 |       4 |  12.1
        D:4 |      86 |       0 |   0.0 |       5 |       0 |   0.0
            +---------+---------+-------+---------+---------+-------
